 Dungeon Crawl Stone Soup version 0.31-a0-879-g1609e0ac53 (webtiles) character file.

Game seed: 5930528203679517482

46 protoss039 the Digger (level 3, 24/26 HPs)
             Began as a Demonspawn Earth Elementalist on Oct 14, 2023.
             Got out of the dungeon alive.
             The game lasted 00:01:31 (1037 turns).

protoss039 the Digger (DsEE)                        Turns: 1037, Time: 00:01:32

Health: 24/26      AC:  2    Str:  8    XL:     3   Next: 46%
Magic:  6/6        EV: 12    Int: 18    God:
Gold:   63         SH:  0    Dex: 13    Spells: 4/7 levels left

rFire   . . .        p - +0 rapier
rCold   . . .        (no shield)
rNeg    . . .        a - +0 robe
rPois   .            (no helmet)
rElec   .            (no cloak)
rCorr   .            (no gloves)
SInv    .            (no boots)
Will    .....        (no amulet)
Stlth   ++           (no ring)
HPRegen 0.24/turn    (no ring)
MPRegen 0.10/turn

%: no passive effects
@: no status effects
A: weakness stinger 1, demonic touch 1
a: no special abilities


You escaped.
You visited 1 branch of the dungeon, and saw 2 of its levels.

You collected 63 gold pieces.

Inventory:

Hand Weapons
 p - a +0 rapier (weapon)
Missiles
 n - a throwing net
Armour
 a - a +0 robe (worn)
 l - a +0 leather armour
Scrolls
 c - 3 scrolls of teleportation
 g - a scroll of amnesia {unknown}
 h - a scroll of noise {unknown}
 j - 2 scrolls of enchant weapon {unknown}
 k - a scroll of identify {unknown}
 o - a scroll of summoning {unknown}
Potions
 b - a potion of magic
 d - a potion of invisibility {unknown}
 f - a potion of brilliance {unknown}
 i - a potion of resistance {unknown}
 m - a potion of ambrosia {unknown}


   Skills:
 + Level 1.6 Fighting
 - Level 1.7 Dodging
 - Level 1.7 Stealth
 + Level 2.6 Spellcasting
 - Level 1.0 Transmutations
 + Level 3.2 Earth Magic


You had 4 spell levels left.
You knew the following spells:

 Your Spells              Type           Power      Damage    Failure   Level
a - Sandblast             Erth           26%        2d8       4%          1
b - Passwall              Tmut/Erth      7%         N/A       11%         2

Your spell library contained the following spells:

 Spells                   Type           Power      Damage    Failure   Level
 Stone Arrow              Conj/Erth      16%        3d8       26%         3
 Petrify                  Tmut/Erth      9%         N/A       56%         4
 Brom's Barrelling Bould  Conj/Erth      8%         2d3       65%         4
 Leda's Liquefaction      Hex/Erth       4%         N/A       65%         4
 Lee's Rapid Deconstruct  Erth           6%         3d6*      77%         5
 Bombard                  Conj/Erth      4%         9d2       100%        6


Dungeon Overview and Level Annotations

Branches:
Dungeon (2/15) Zot: 10952

Altars:


Innate Abilities, Weirdness & Mutations

You have a small tail.
Your touch may inflict minor irresistible damage on your foes.


Message History

Press: ? - help, Shift-Dir - straight line, f/p - Natasha
Aim: Natasha, carrying a wand of flame (moderately wounded, 77% to hit)
The blast of sand hits Natasha.
Natasha is heavily wounded.
Natasha mumbles some strange words.
Natasha zaps a wand.
The puff of flame misses you.
Casting: Sandblast (safe; 6% risk of failure)
Confirm with . or Enter, or press ? or * to list all spells.
Aiming: Sandblast (safe; 6% risk of failure)
Press: ? - help, Shift-Dir - straight line, f/p - Natasha
Aim: Natasha, carrying a wand of flame (heavily wounded, 77% to hit)
The blast of sand hits Natasha.
Natasha is severely wounded.
Natasha zaps a wand.
The puff of flame hits you.
Unknown command.
Casting: Sandblast (safe; 6% risk of failure)
Confirm with . or Enter, or press ? or * to list all spells.
Aiming: Sandblast (safe; 6% risk of failure)
Press: ? - help, Shift-Dir - straight line, f/p - Natasha
Aim: Natasha, carrying a wand of flame (severely wounded, 77% to hit)
The blast of sand hits Natasha.
You kill Natasha!
Natasha growls in agony!
The cerulean imp disappears in a puff of smoke!
You have reached level 3!
Your experience leads to an increase in your attributes!
Increase (S)trength, (I)ntelligence, or (D)exterity?
You feel clever. x2; Your demonic ancestry asserts itself...
You grow a small tail.
Unknown command.
j - 2 scrolls labelled OPLEZA MANAQE (gained 1)
You see here a +0 dagger.
There is a stone staircase leading up here.
You climb upwards.
There is a stone staircase leading down here.
There is a stone staircase leading down here.
You see here a +0 club.
Magic restored.
There is a staircase leading out of the dungeon here.
You have escaped!

#....###..##.#####.......####...#
..........##.# ##...#.##..####..#
####.####.##.###...##..#...###...
.............##...###..#.#..###..
#####......###...## #....##..##..
#####......# #..## #.##.###..##.
#..........# #...####.##.# ##..##
#......##### #....#......# ##.).
#......#### ##.@.#.####.# ##..
#.........# #....#......# ##...
####.####.####...####.#..# ##..##
....†#..#...##..## #.##.###..###
...##.#..##.###..## #.#..##..## #
...#[...#[#..##...###..#.#..##
#..#.#....#..###...##..#...##
#..##..#.##..# ##...#.##..##
##...#..#....# ##.......## #####


There were no monsters in sight!

Vanquished Creatures
  Natasha (D:2)
  A dart slug (D:2)
  3 ball pythons
  A bat (D:1)
  3 endoplasms (D:1)
  2 hobgoblins (D:1)
  A frilled lizard (D:2)
  2 goblins
  A kobold (D:2)
  4 rats (D:1)
19 creatures vanquished.

Notes
Turn   | Place    | Note
-------+----------+-------------------------------------------
     0 | D:1      | protoss039 the Demonspawn Earth Elementalist began the
                  | quest for the Orb.
     0 | D:1      | Reached XP level 1. HP: 13/13 MP: 3/3
   351 | D:1      | Discovered your monstrous ancestry.
   351 | D:1      | Gained mutation: Your touch may inflict minor irresistible
                  | damage on your foes. [demonic ancestry]
   351 | D:1      | Reached XP level 2. HP: 17/20 MP: 0/5
   358 | D:1      | Reached skill level 1 in Fighting
   450 | D:1      | Reached skill level 3 in Earth Magic
   554 | D:1      | Learned a level 2 spell: Passwall
   624 | D:2      | Reached skill level 1 in Transmutations
   818 | D:2      | Noticed Natasha
   979 | D:2      | Killed Natasha
   980 | D:2      | Gained mutation: You have a small tail. [demonic ancestry]
   980 | D:2      | Reached XP level 3. HP: 11/26 MP: 1/6
  1037 | D:$      | Got out of the dungeon alive.

Illustrated notes

Levels and vault maps discovered:
D:1:      dpeg_chamrin_arrival_tetris, layout_basic, minmay_hexomino_c4
D:2:      layout_loops_ring, basic_ecumenical_altar, uniq_natasha

Skill      XL: |  1  2 |
---------------+-------+-----
Fighting       | 1 |  1.6
Earth Magic    | 3 |  3.2
Transmutations | 1 |  1.0
Dodging        | |  1.7
Stealth        | |  1.7
Spellcasting   | |  2.6

Action                     || total
---------------------------++-------
  Melee: Dagger            ||     8
         Touch             ||     2
         Punch             ||     1
   Cast: Sandblast         ||    23
    Use: Scroll            ||     1
 Armour: Robe              ||    15
  Dodge: Dodged            ||     6

Table legend: (Time is in decaauts)
 A = Elapsed time spent in this place.
 B = Non-inter-level travel time spent in this place.
 C = Inter-level travel time spent in this place.
 D = Time resting spent in this place.
 E = Time spent auto-exploring this place.
 F = Levels seen in this place.
 G = Mean time per level.
                   A        B        C        D        E       F      G
               +--------+--------+--------+--------+--------+-----+--------+
         Total |   1047 |    921 |    126 |     44 |    751 |   2 |  523.5 |
       Dungeon |   1047 |    921 |    126 |     44 |    751 |   2 |  523.5 |
               +--------+--------+--------+--------+--------+-----+--------+

Top non-repeatable levels by time:
     D:1: 609 daAuts
     D:2: 438 daAuts
